 Dungeon Crawl Stone Soup version 0.31-a0-574-g69dc8cc98e (webtiles) character file.

Game seed: 6085140794181039996

874 bmack86 the Cleaver (level 7, -8/57 HPs)
             Began as a Minotaur Fighter on Aug 19, 2023.
             Mangled by a two-headed ogre
             ... wielding a +0 giant club
              (19 damage)
             ... on level 5 of the Dungeon.
             The game lasted 00:06:30 (3417 turns).

bmack86 the Cleaver (Minotaur Fighter)              Turns: 3417, Time: 00:06:30

Health: -8/57      AC:  8    Str: 23    XL:     7   Next: 74%
Magic:  6/6        EV:  9    Int:  5    God:
Gold:   254        SH:  4    Dex:  9    Spells: 6/6 levels left

rFire   . . .        a - +0 war axe
rCold   . . .        c - +0 buckler
rNeg    . . .        b - +0 scale mail
rPois   .            (helmet restricted)
rElec   .            n - +0 cloak
rCorr   .            (no gloves)
SInv    .            (no boots)
Will    .....        (no amulet) Stlth
                     (no ring)
HPRegen 0.29/turn    (no ring)
MPRegen 0.10/turn

%: no passive effects
@: mighty
A: horns 2, retaliatory headbutt
a: no special abilities


You were on level 5 of the Dungeon.
You visited 1 branch of the dungeon, and saw 5 of its levels.
You also visited: Sewer.

You collected 254 gold pieces.

Inventory:

Hand Weapons
 a - a +0 war axe (weapon)
Armour
 b - a +0 scale mail (worn)
 c - a +0 buckler (worn)
 n - a +0 cloak (worn)
Jewellery
 l - an amulet of faith
Wands
 m - a wand of flame (26)
Scrolls
 e - 2 scrolls of teleportation {unknown}
 f - 2 scrolls of vulnerability {unknown}
 j - a scroll of torment {unknown}
 k - 2 scrolls of blinking {unknown}
 r - a scroll of enchant armour {unknown}
Potions
 g - 3 potions of curing
 h - 2 potions of mutation
 i - a potion of cancellation {unknown}
 o - a potion of berserk rage {unknown}
 p - a potion of invisibility {unknown}
 q - a potion of heal wounds {unknown}
 s - 2 potions of brilliance {unknown}


   Skills:
 - Level 3.6 Fighting
 + Level 10.3 Axes
 - Level 3.6 Armour
 - Level 5.0 Shields


You had 6 spell levels left.
You didn't know any spells.
Your spell library contained the following spells:

 Spells                   Type           Power      Damage    Failure   Level
 Lesser Beckoning         Tloc           0%         N/A       94%         2
 Sublimation of Blood     Necr           0%         N/A       94%         2
 Wereblood                Tmut           0%         N/A       94%         2
 Gell's Gravitas          Tloc           0%         N/A       99%         3
 Teleport Other           Tloc           0%         N/A       99%         3
 Summon Hydra             Summ           0%         N/A       100%        7


Dungeon Overview and Level Annotations

Branches:
Dungeon (5/15)              Sewer (visited)
 Temple: D:4-7

Altars:
Cheibriados
Ru
Vehumet


Innate Abilities, Weirdness & Mutations

You have a pair of horns on your head.
You reflexively headbutt those who attack you in melee.


Message History

You kill the adder!
Done exploring.
There is a stone staircase leading down here.
You climb downwards.
There is a stone staircase leading up here.
An iguana comes into view.
A two-headed ogre comes into view.
It is wielding a +0 giant club and a +0 dire flail.
Found a cloak and a rapier.
The two-headed ogre shouts in stereo!
You hit the iguana.
The iguana is moderately wounded.
The iguana bites you.
You barely miss the iguana.
The iguana is moderately wounded.
The iguana bites you.
Sorry, you're not good enough to have a special ability.
Unknown command.
You feel very mighty all of a sudden. The iguana bites you!
You block the two-headed ogre's attack.
The two-headed ogre hits you with a +0 dire flail.
You hit the two-headed ogre.
The two-headed ogre is lightly wounded.
You slash the iguana! The iguana bites you!
You slash the two-headed ogre!
The two-headed ogre is moderately wounded.
You closely miss the iguana.
The two-headed ogre hits you with a +0 giant club!!
* * * LOW HITPOINT WARNING * * *
The two-headed ogre closely misses you.
You barely miss the two-headed ogre.
The two-headed ogre is moderately wounded.
You hit the iguana.
You kill the iguana!
You slash the two-headed ogre!
The two-headed ogre is moderately wounded.
The two-headed ogre barely misses you. The two-headed ogre closely misses you.
You slash the two-headed ogre!
The two-headed ogre is heavily wounded.
The two-headed ogre hits you with a +0 giant club!!
You die...

## #
###.#..###
#.@.......
#.###.#O...###
#..<.##.#.#
#.##### .# # [
.) ##


You could see a two-headed ogre.

Vanquished Creatures
  Grinder (D:4)
  Sigmund (D:4)
  Pargi (Sewer)
  A black bear (D:4)
  Blork the orc (D:4)
  A jelly (D:4)
  Natasha (thrice) (D:3)
  An iguana (D:5)
  3 adders
  3 worms
  2 dart slugs (D:1)
  3 orcs
  A bat (D:2)
  8 endoplasms
  11 giant cockroaches
  7 goblins
  8 hobgoblins
  7 jackals
  2 quokkas
  12 ball pythons
  8 frilled lizards
  4 kobolds
  2 rats (D:1)
91 creatures vanquished.

Notes
Turn   | Place    | Note
-------+----------+-------------------------------------------
     0 | D:1      | bmack86 the Minotaur Fighter began the quest for the Orb.
     0 | D:1      | Reached XP level 1. HP: 19/19 MP: 0/0
   210 | D:1      | Reached XP level 2. HP: 26/26 MP: 1/1
   281 | D:1      | Reached skill level 3 in Axes
   388 | D:1      | Reached XP level 3. HP: 31/31 MP: 2/2
   950 | D:2      | Reached skill level 5 in Shields
  1436 | D:2      | Reached skill level 4 in Axes
  1436 | D:2      | Reached XP level 4. HP: 39/39 MP: 3/3
  1917 | D:3      | Noticed Natasha
  1925 | D:3      | Killed Natasha
  1991 | D:3      | Found a snail-covered altar of Cheibriados.
  2132 | D:3      | Noticed Natasha
  2137 | D:3      | Killed Natasha
  2138 | D:3      | Reached skill level 5 in Axes
  2138 | D:3      | Reached XP level 5. HP: 40/45 MP: 4/4
  2182 | D:3      | Noticed Natasha
  2190 | D:3      | Killed Natasha
  2371 | D:4      | Noticed Blork the orc
  2371 | D:4      | Noticed a black bear
  2377 | D:4      | Killed a black bear
  2378 | D:4      | Reached skill level 6 in Axes
  2381 | D:4      | Killed Blork the orc
  2382 | D:4      | Reached skill level 7 in Axes
  2382 | D:4      | Reached XP level 6. HP: 25/51 MP: 5/5
  2512 | D:4      | Found a sacrificial altar of Ru.
  2565 | D:4      | Noticed Grinder
  2575 | D:4      | Killed Grinder
  2576 | D:4      | Reached skill level 8 in Axes
  2576 | D:4      | Reached XP level 7. HP: 23/57 MP: 6/6
  2710 | D:4      | Found a glowing drain.
  2732 | Sewer    | Entered a sewer
  2786 | Sewer    | Noticed Pargi
  2809 | Sewer    | Killed Pargi
  2810 | Sewer    | Reached skill level 9 in Axes
  2990 | D:4      | Noticed Sigmund
  3003 | D:4      | Killed Sigmund
  3004 | D:4      | Reached skill level 10 in Axes
  3178 | D:4      | Found a radiant altar of Vehumet.
  3406 | D:5      | Entered Level 5 of the Dungeon
  3409 | D:5      | Noticed a two-headed ogre
  3417 | D:5      | Mangled by a two-headed ogre

Illustrated notes

Levels and vault maps discovered:
D:1:      psy_arrival_statuary, layout_basic, minmay_misc_feat_more_columns,
          minmay_misc_feat_rows, minmay_worlds_worst_comb
D:2:      layout_loops_ring, chequers_decorated_corner
D:3:      layout_basic, slow_altar_1, uniq_natasha
D:4:      layout_basic, mainiacjoe_overflow_boulevard, fiery_altar_vehumet,
          cheibrodos_sewer_entry_bend, hangedman_abyss_or_decor_passed,
          uniq_grinder, uniq_sigmund, uniq_blork_the_orc
D:5:      layout_loops_ring, mainiacjoe_overflow_six_doors_small,
          corexii_checkpoint_a, uniq_crazy_yiuf_cottage, uniq_edmund,
          uniq_menkaure

Skill      XL: |  1  2  3  4  5  6  7 |
---------------+----------------------+-----
Shields        | 4 5 |  5.0
Axes           | 3 4 5 7 8 10 | 10.3
Fighting       | |  3.6
Armour         | |  3.6

Action                     |  1- 3 |  4- 6 |  7- 9 || total
---------------------------+-------+-------+-------++-------
  Melee: War axe           |    81 |    58 |    62 ||   201
         Headbutt          |     4 |     8 |     3 ||    15
    Use: Scroll            |     2 |       |       ||     2
         Potion            |       |     1 |     1 ||     2
 Armour: Scale mail        |    49 |    21 |    44 ||   114
  Dodge: Dodged            |    50 |    25 |    33 ||   108
  Block: Buckler           |    12 |    10 |    16 ||    38

Table legend: (Time is in decaauts)
 A = Elapsed time spent in this place.
 B = Non-inter-level travel time spent in this place.
 C = Inter-level travel time spent in this place.
 D = Time resting spent in this place.
 E = Time spent auto-exploring this place.
 F = Levels seen in this place.
 G = Mean time per level.
                   A        B        C        D        E       F      G
               +--------+--------+--------+--------+--------+-----+--------+
         Total |   3517 |   3409 |    108 |     66 |   2348 |   6 |  586.2 |
       Dungeon |   3267 |   3159 |    108 |     66 |   2236 |   5 |  653.4 |
         Sewer |    250 |    250 |      0 |      0 |    112 |   1 |  250.0 |
               +--------+--------+--------+--------+--------+-----+--------+

Top non-repeatable levels by time:
     D:1: 875 daAuts
     D:4: 847 daAuts
     D:3: 790 daAuts
     D:2: 744 daAuts
   Sewer: 250 daAuts
     D:5: 10 daAuts
